 Dungeon Crawl Stone Soup version 0.30-a0-358-g0d69a1922f (webtiles) character file.

Game seed: 15835910048484240642

539 ragingrage the Chopper (level 7, -7/56 HPs)
             Began as a Gnoll Reaver on Nov 9, 2022.
             Was a Follower of Ru.
             Mangled by an iguana (11 damage)
             ... on level 6 of the Dungeon.
             The game lasted 00:06:10 (5401 turns).

ragingrage the Chopper (Gnoll Reaver)               Turns: 5401, Time: 00:06:11

Health: -7/56      AC:  5    Str: 11      XL:     7   Next: 26%
Magic:  15/15      EV: 13    Int: 13 (14) God:    Ru [*.....]
Gold:   225        SH:  0    Dex: 11      Spells: 14/17 levels left

rFire   . . .      SeeInvis .    i - +1 dagger (venom)
rCold   . . .      Faith    .    (no shield)
rNeg    . . .      Spirit   .    b - +0 leather armour
rPois   +          Reflect  .    k - +0 helmet
rElec   .          Harm     .    (no cloak)
rCorr   .          Rampage  .    (no gloves)
Will    .....                    z - +0 pair of boots
Stlth   ++........               (no amulet)
HPRegen 0.29/turn                (no ring)
MPRegen 0.14/turn                (no ring)

@: unable to drink
A: fangs 1, inability to drink after injury 2, strong nose, distributed
training, poison resistance
a: Renounce Religion


You were on level 6 of the Dungeon.
You worshipped Ru.
Ru was aware of your devotion.
You visited 2 branches of the dungeon, and saw 7 of its levels.

You collected 225 gold pieces.

Inventory:

Hand Weapons
 a - a +0 hand axe
 i - a +1 dagger of venom (weapon)
Missiles
 h - 8 boomerangs
 q - 13 poisoned darts (quivered)
 t - 4 javelins
 u - 5 silver javelins
Armour
 b - a +0 leather armour (worn)
 k - a +0 helmet (worn)
 x - +0 ice dragon scales
 z - a +0 pair of boots (worn)
Wands
 y - a wand of polymorph (8)
Scrolls
 d - a scroll of noise
 e - a scroll of poison
 f - 6 scrolls of identify
 j - 5 scrolls of immolation
 l - a scroll of butterflies {unknown}
 n - a scroll of enchant weapon {unknown}
 o - a scroll of enchant armour {unknown}
 p - a scroll of fear {unknown}
 s - a scroll of brand weapon {unknown}
 v - 3 scrolls of teleportation {unknown}
 w - a scroll of vulnerability {unknown}
Potions
 g - 3 potions of heal wounds
 m - a potion of lignification
 r - a potion of attraction {unknown}


   Skills:
 + Level 5.2 Fighting
 + Level 2.5 Short Blades
 + Level 2.5 Long Blades
 + Level 7.0 Axes
 + Level 2.5 Maces & Flails
 + Level 2.5 Polearms
 + Level 2.5 Staves
 + Level 2.5 Ranged Weapons
 + Level 2.5 Throwing
 + Level 2.5 Armour
 + Level 5.2 Dodging
 + Level 2.5 Stealth
 + Level 2.5 Shields
 + Level 2.5 Unarmed Combat
 + Level 5.6 Spellcasting
 + Level 5.8 Conjurations
 + Level 2.0 Hexes
 + Level 2.0 Summonings
 + Level 2.0 Necromancy
 + Level 2.0 Translocations
 + Level 2.0 Transmutations
 + Level 2.0 Fire Magic
 + Level 2.0 Ice Magic
 + Level 2.0 Air Magic
 + Level 2.0 Earth Magic
 + Level 2.0 Poison Magic
 + Level 2.7 Invocations
 + Level 2.5 Evocations


You had 14 spell levels left.
You knew the following spells:

 Your Spells              Type           Power      Damage    Failure   Level
a - Kiss of Death         Conj/Necr      52%        2d9       4%          1
b - Momentum Strike       Conj/Tloc      26%        3d8       7%          2

Your spell library contained the following spells:

 Spells                   Type           Power      Damage    Failure   Level
 Dazzling Flash           Conj/Hex       26%        N/A       14%         3
 Hailstorm                Conj/Ice       13%        3d5       14%         3
 Call Canine Familiar     Summ           9%         N/A       30%         3
 Portal Projectile        Hex/Tloc       18%        N/A       30%         3
 Iskenderun's Battlesphe  Conj           18%        2d7       50%         5
 Leda's Liquefaction      Hex/Erth       4%         N/A       69%         4
 Fireball                 Conj/Fire      6%         3d5       77%         5
 Agony                    Necr           9%         N/A       95%         5
 Silence                  Hex/Air        4%         N/A       95%         5
 Conjure Ball Lightning   Conj/Air       6%         3x3d6     100%        6
 Orb of Destruction       Conj           9%         9d6       100%        7


Dungeon Overview and Level Annotations

Branches:
Dungeon (6/15)             Temple (1/1) D:4

Altars:
Ashenzari
Cheibriados
Dithmenos
Elyvilon
Fedhas
Gozag
Hepliaklqana
Kikubaaqudgha
Makhleb
Nemelex Xobeh
Okawaru
Qazlal
Ru
Sif Muna
Trog
Uskayaw
Vehumet
Xom
Zin
The Shining One

Shops:
D:2 =


Innate Abilities, Weirdness & Mutations

You have very sharp teeth.
You sometimes lose the ability to drink potions when taking damage.
Your uncanny sense of smell can sniff out nearby items.
Your experience applies equally to all skills.
Your system is resistant to poisons. (rPois)


Message History

You miss something. Something hits you. Something shocks you.
* * * LOW HITPOINT WARNING * * *
You closely miss something. Something completely misses you.
You miss something. Something hits you.
* * * LOW HITPOINT WARNING * * *
Something shocks you.
* * * LOW HITPOINT WARNING * * *
You barely miss something.
An iguana comes into view.
The iguana hisses angrily.
A sky beast appears from thin air!
Reactivating autopickup.
You cannot drink potions in your current state!
Unknown command.
Okay, then.
Okay, then.
You hit the sky beast.
The sky beast looks as sick as possible!
The sky beast is severely wounded.
The sky beast closely misses you.
You cannot drink potions in your current state!
This is a scroll of acquirement!
Something appears at your feet! The sky beast barely misses you.
The iguana barely misses you.
As you read the scroll labelled WESOWO LYMAX, it crumbles to dust.
You hear a loud clanging noise!
It was a scroll of noise.
You hear a shout! x6; You hear an angry hiss.
The sky beast completely misses you. The iguana completely misses you.
The air fills with toxic fumes!
As you read the scroll labelled NAAG DUCOIVEDY, it crumbles to dust.
It was a scroll of poison.
The iguana bites you!
* * * LOW HITPOINT WARNING * * *
The sky beast barely misses you.
As you read the scroll labelled KEVAMN VUVARGH, it crumbles to dust.
It is a scroll of identify.
j - 5 scrolls of immolation The sky beast hits you but does no damage.
The iguana bites you!
You die...

############
#..§<.......
###§########
#.§§# ###§#
#§## #§l#
##@# #Y##
#§§## ##§§#
##§§......
.§§§.##.#
..§§§§#
#...§§§#
#.......


You could see a sky beast (very poisoned) and an iguana.

Vanquished Creatures
  An ice beast (D:4)
  2 black bears
  An ogre (D:5)
  An orc priest (D:5)
  A jelly (D:5)
  A gnoll bouda (D:5)
  2 iguanas
  3 gnolls (D:5)
  3 adders
  3 dart slugs
  10 orcs
  2 bats (D:1)
  3 endoplasms
  5 giant cockroaches
  13 goblins
  5 hobgoblins
  15 jackals
  7 kobolds
  4 quokkas
  A ball python (D:2)
  2 frilled lizards (D:1)
  4 rats
89 creatures vanquished.

Vanquished Creatures (others)
  A gnoll (D:5)
  A bat (D:2)
2 creatures vanquished.

Grand Total: 91 creatures vanquished

Notes
Turn   | Place    | Note
-------+----------+-------------------------------------------
     0 | D:1      | ragingrage the Gnoll Reaver began the quest for the Orb.
     0 | D:1      | Reached XP level 1. HP: 20/20 MP: 6/6
   141 | D:1      | Found a faded altar of an unknown god.
   211 | D:1      | Reached XP level 2. HP: 13/26 MP: 7/7
   726 | D:1      | Reached skill level 5 in Spellcasting
   726 | D:1      | Reached XP level 3. HP: 27/31 MP: 7/9
  1051 | D:2      | Reached skill level 1 in Invocations
  1253 | D:2      | Learned a level 2 spell: Momentum Strike
  1297 | D:2      | Reached skill level 1 in Short Blades
  1297 | D:2      | Reached skill level 1 in Long Blades
  1297 | D:2      | Reached skill level 1 in Maces & Flails
  1297 | D:2      | Reached skill level 1 in Polearms
  1297 | D:2      | Reached skill level 1 in Staves
  1297 | D:2      | Reached skill level 1 in Ranged Weapons
  1297 | D:2      | Reached skill level 1 in Throwing
  1297 | D:2      | Reached skill level 1 in Armour
  1297 | D:2      | Reached skill level 1 in Stealth
  1297 | D:2      | Reached skill level 1 in Shields
  1297 | D:2      | Reached skill level 1 in Unarmed Combat
  1297 | D:2      | Reached skill level 1 in Evocations
  1554 | D:2      | Reached XP level 4. HP: 38/38 MP: 11/11
  1704 | D:2      | Found Fotzurgh's Jewellery Shop.
  2022 | D:3      | Reached skill level 1 in Hexes
  2022 | D:3      | Reached skill level 1 in Summonings
  2022 | D:3      | Reached skill level 1 in Necromancy
  2022 | D:3      | Reached skill level 1 in Translocations
  2022 | D:3      | Reached skill level 1 in Transmutations
  2022 | D:3      | Reached skill level 1 in Fire Magic
  2022 | D:3      | Reached skill level 1 in Ice Magic
  2022 | D:3      | Reached skill level 1 in Air Magic
  2022 | D:3      | Reached skill level 1 in Earth Magic
  2022 | D:3      | Reached skill level 1 in Poison Magic
  2593 | D:4      | Found a staircase to the Ecumenical Temple.
  2593 | D:4      | Noticed a black bear
  2611 | D:4      | Killed a black bear
  2612 | D:4      | Reached XP level 5. HP: 12/43 MP: 9/12
  2838 | Temple   | Entered the Ecumenical Temple
  2838 | Temple   | Found a transporter.
  2838 | Temple   | Found a transporter.
  2840 | Temple   | Found a transporter.
  2840 | Temple   | Found a transporter.
  2907 | Temple   | Became a worshipper of Ru the Awakened
  3132 | D:4      | Found a glowing golden altar of the Shining One.
  3132 | D:4      | Found a white marble altar of Elyvilon.
  3133 | D:4      | Found a glowing silver altar of Zin.
  3146 | D:4      | Noticed an ice beast
  3162 | D:5      | Entered Level 5 of the Dungeon
  3197 | D:4      | Killed an ice beast
  3198 | D:4      | Reached XP level 6. HP: 24/50 MP: 14/14
  3605 | D:4      | You fall into a shaft and drop 1 floor!
  3652 | D:5      | Reached skill level 5 in Fighting
  3652 | D:5      | Reached skill level 5 in Dodging
  3661 | D:5      | Gained mutation: You are vulnerable to cold. (rC-) [potion
                  | of mutation]
  3661 | D:5      | Lost mutation: You are vulnerable to cold. (rC-) [potion of
                  | mutation]
  3661 | D:5      | Gained mutation: Your system is resistant to poisons.
                  | (rPois) [potion of mutation]
  4448 | D:5      | Found a hazy altar of Hepliaklqana.
  4753 | D:5      | Found a burning altar of Makhleb.
  4792 | D:5      | Reached skill level 7 in Axes
  4792 | D:5      | Reached XP level 7. HP: 51/55 MP: 15/15
  4848 | D:5      | Gained mutation: You occasionally lose the ability to drink
                  | potions when taking damage. [Ru sacrifice]
  4848 | D:5      | Gained mutation: You sometimes lose the ability to drink
                  | potions when taking damage. [Ru sacrifice]
  4848 | D:5      | Reached * piety under Ru
  5398 | D:6      | Identified a scroll of acquirement
  5398 | D:6      | Acquired a +2 battleaxe of electrocution
  5401 | D:6      | Mangled by an iguana

Illustrated notes

Levels and vault maps discovered:
D:1:      dpeg_chamrin_arrival_tetris, layout_loops_ring,
          hellmonk_ecumenical_altar_arch_garden
D:2:      layout_loops_cross, serial_glass, glass_columns_c, glass_columns_a,
          serial_shops, shop_statue, minmay_tiny_reverse_x
D:3:      layout_basic
D:4:      layout_loops_ring, good_gods_temple_1,
          minmay_temple_entry_butterflies, serial_forest,
          infiniplex_forest_lined_3, infiniplex_forest_split,
          infiniplex_forest_lined_3, infiniplex_forest_straight_3,
          infiniplex_forest_straight_1, infiniplex_forest_lined_2,
          infiniplex_forest_lined_room_3
D:5:      layout_basic, worldfamousw_hep_ancestral_shrine,
          overflow_temple_1_default, serial_rivers,
          chequers_serial_rivers_micro_a, chequers_serial_rivers_large_a,
          chequers_serial_rivers_micro_c, chequers_serial_rivers_room_b,
          chequers_serial_rivers_small_3, chequers_serial_rivers_marsh
D:6:      layout_rooms, yredelemnul_altar_generic, serial_shops, shop,
          st_stairs_12
Temple:   hellmonk_temple_divided_pantheon

Skill      XL: |  1  2  3  4  5  6  7 |
---------------+----------------------+-----
Spellcasting   | 5 |  5.6
Invocations    | 1 2 |  2.7
Short Blades   | 1 2 |  2.5
Long Blades    | 1 2 |  2.5
Maces & Flails | 1 2 |  2.5
Polearms       | 1 2 |  2.5
Staves         | 1 2 |  2.5
Ranged Weapons | 1 2 |  2.5
Throwing       | 1 2 |  2.5
Armour         | 1 2 |  2.5
Stealth        | 1 2 |  2.5
Shields        | 1 2 |  2.5
Unarmed Combat | 1 2 |  2.5
Evocations     | 1 2 |  2.5
Hexes          | 1 2 |  2.0
Summonings     | 1 2 |  2.0
Necromancy     | 1 2 |  2.0
Translocations | 1 2 |  2.0
Transmutations | 1 2 |  2.0
Fire Magic     | 1 2 |  2.0
Ice Magic      | 1 2 |  2.0
Air Magic      | 1 2 |  2.0
Earth Magic    | 1 2 |  2.0
Poison Magic   | 1 2 |  2.0
Fighting       | 5 |  5.2
Dodging        | 5 |  5.2
Axes           | 7 |  7.0
Conjurations   | |  5.8

Action                   |  1- 3 |  4- 6 |  7- 9 || total
-------------------------+-------+-------+-------++-------
Melee: Hand axe          |    29 |       |       ||    29
       Bite              |    12 |    25 |     1 ||    38
       Dagger            |   135 |   187 |    28 ||   350
       Punch             |     2 |     2 |       ||     4
Throw: Dart              |       |     6 |       ||     6
 Cast: Momentum Strike   |     1 |     3 |       ||     4
       Kiss of Death     |       |     1 |       ||     1
Invok: Sacrifice Drink   |       |       |     1 ||     1
  Use: Potion            |     1 |     6 |       ||     7
       Scroll            |       |       |     4 ||     4
 Stab: Sleeping          |       |     1 |       ||     1
Armor: Leather armour    |    47 |    34 |     9 ||    90
       Ice dragon scales |       |    11 |       ||    11
       Skin              |       |    28 |       ||    28
Dodge: Dodged            |   117 |   103 |    18 ||   238

Table legend: (Time is in decaauts)
 A = Elapsed time spent in this place.
 B = Non-inter-level travel time spent in this place.
 C = Inter-level travel time spent in this place.
 D = Time resting spent in this place.
 E = Time spent auto-exploring this place.
 F = Levels seen in this place.
 G = Mean time per level.
                   A        B        C        D        E       F      G
               +--------+--------+--------+--------+--------+-----+--------+
         Total |   5398 |   5182 |    216 |    914 |   3286 |   7 |  771.1 |
       Dungeon |   5318 |   5109 |    209 |    914 |   3283 |   6 |  886.3 |
        Temple |     80 |     73 |      7 |      0 |      3 |   1 |   80.0 |
               +--------+--------+--------+--------+--------+-----+--------+

Top non-repeatable levels by time:
     D:5: 1783 daAuts
     D:4: 999 daAuts
     D:1: 979 daAuts
     D:2: 779 daAuts
     D:3: 740 daAuts
  Temple: 80 daAuts
     D:6: 34 daAuts
